 Dungeon Crawl Stone Soup version 0.27-a0-1597-ge58577e147 (webtiles) character file.

Game seed: 15725991263313512655

13707 Mitsuki the Fighter (level 11, -6/101 HPs)
             Began as a Minotaur Fighter on July 21, 2021.
             Was a Priest of Yredelemnul.
             Killed from afar by an efreet (24 damage)
             ... with a bolt of fire
             ... in a volcano.
             The game lasted 00:36:08 (14678 turns).

Mitsuki the Fighter (Minotaur Fighter)             Turns: 14678, Time: 00:36:08

Health: -6/101     AC: 17    Str: 31    XL:     11   Next: 79%
Magic:  17/17      EV:  9    Int:  5    God:    Yredelemnul [***...]
Gold:   922        SH: 12    Dex: 10    Spells: 10/10 levels left

rFire    . . .     SeeInvis .   a - +0 long sword
rCold    + . .     Faith    .   w - +1 buckler "Wenooreg" {rPois Str+7}
rNeg     + . .     Spirit   .   d - +3 chain mail {rC+}
rPois    +         Reflect  +   x - +0 hat {Will+}
rElec    .         Harm     .   v - scarf {repulsion}
rCorr    +         Rampage  .   p - +0 pair of gloves
Will     +....                  r - +0 pair of boots
Stlth    ..........             g - amulet of reflection
HPRegen  0.26/turn              P - ring of resist corrosion
MPRegen  0.15/turn              C - ring of positive energy

@: repel missiles
A: horns 2, retaliatory headbutt
a: Renounce Religion, Recall Undead Slaves, Injury Mirror, Animate Dead


You were in a volcano.
You worshipped Yredelemnul.
Yredelemnul was most pleased with you.
You visited 3 branches of the dungeon, and saw 14 of its levels.
You also visited: Ossuary and Volcano.

You collected 922 gold pieces.

Inventory:

Hand Weapons
 a - a +0 long sword (weapon)
 F - a +0 scimitar of flaming
Armour
 d - a +3 chain mail of cold resistance (worn)
 p - a +0 pair of gloves (worn)
 r - a +0 pair of boots (worn)
 v - a scarf of repulsion (worn)
 w - the +1 buckler "Wenooreg" (worn) {rPois Str+7}
   (You found it on level 5 of the Dungeon)

   Str:       It affects your strength (+7).
   rPois:     It protects you from poison.
 x - a +0 hat of willpower (worn)
Jewellery
 g - an amulet of reflection (around neck)
 o - a +6 ring of dexterity
 C - a ring of positive energy (right hand)
 M - a ring of flight
 P - a ring of resist corrosion (left hand)
Wands
 h - a wand of polymorph (4)
 G - a wand of flame (18)
 L - a wand of iceblast (10)
Scrolls
 e - 8 scrolls of teleportation {unknown}
 f - 2 scrolls of enchant weapon {unknown}
 k - a scroll of identify
 l - 2 scrolls of noise {unknown}
 m - 3 scrolls of amnesia {unknown}
 n - 4 scrolls of enchant armour {unknown}
 q - a scroll of acquirement {unknown}
 s - 3 scrolls of brand weapon {unknown}
 t - 2 scrolls of fog {unknown}
 y - 3 scrolls of fear {unknown}
 D - a scroll of immolation {unknown}
 O - a scroll of blinking {unknown}
 Q - a scroll of vulnerability {unknown}
Potions
 b - 3 potions of attraction
 c - 2 potions of degeneration
 i - 10 potions of curing
 j - 2 potions of mutation
 u - a potion of invisibility
 z - a potion of lignification
 B - 2 potions of brilliance
 E - 2 potions of berserk rage
 H - a potion of magic
 I - a potion of ambrosia
 J - 2 potions of haste {unknown}
 K - a potion of cancellation {unknown}


   Skills:
 + Level 10.6 Fighting
 + Level 10.3 Long Blades
 + Level 10.6 Armour
 + Level 10.5 Shields
 * Level 9.5 Invocations


You had 10 spell levels left.
You didn't know any spells.
Your spell library was empty.

Dungeon Overview and Level Annotations

Branches:
Dungeon (11/15)            Temple (1/1) D:6            Lair (2/6) D:9
 Shoals (0/4) Lair:2        Snake (0/4) Lair:2      Ossuary (visited)
Volcano (1/1)
    Orc: D:9-12

Altars:
Cheibriados
Dithmenos
Elyvilon
Fedhas
Hepliaklqana
Makhleb
Nemelex Xobeh
Okawaru
Qazlal
Ru
Trog
Uskayaw
Wu Jian
Xom
Yredelemnul
Zin
The Shining One

Shops:
D:2 (   D:5 :

Annotations:
D:9 2 runed translucent doors
D:10 2 transporters, fly's ghost, journeyman HuDe


Innate Abilities, Weirdness & Mutations

You have a pair of horns on your head.
You reflexively headbutt those who attack you in melee.


Message History

You hear a roar!
You take 13 damage, and have 28/101 hp.
You barely miss the efreet.
You are engulfed in blazing flames.
You resist.
* * * LOW HITPOINT WARNING * * *
You take 6 damage, and have 22/101 hp.
You start to feel less resistant.
The efreet gestures at you.
The bolt of fire is repelled.
There are monsters nearby!
You feel better. The efreet gestures at you. The bolt of fire hits you!
You resist.
* * * LOW HITPOINT WARNING * * *
You take 1 damage, and have 21/101 hp.
Okay, then.
Unknown command.
You barely miss the efreet. You block the efreet's attack.
You slash the efreet! You headbutt the efreet.
The efreet is moderately wounded.
The efreet gestures at you.
The fireball explodes!
The fireball engulfs you. You resist.
* * * LOW HITPOINT WARNING * * *
The fireball engulfs the efreet.
The efreet completely resists.
You hear a roar!
You take 4 damage, and have 17/101 hp.
You slash the efreet!
You headbutt the efreet, but do no damage.
The efreet is heavily wounded.
The efreet gestures at you. The bolt of fire misses you.
You slash the efreet!
The efreet is almost dead.
Your resistance to elements expires.
The efreet hits you but does no damage.
You hit the efreet. Your headbutt misses the efreet.
The efreet is almost dead.
The efreet gestures at you. The bolt of fire hits you!!
You die...
Your body rises from the dead as a mindless zombie.

### ##.# ##..## #.≈..#
### ##.≈≈.## #.#
#§§≈≈≈.## ##.##
##§§§§≈..# ##.≈.##
#@§≈§≈§≈§###.≈≈≈.#
#R§≈≈≈≈§§##.≈≈≈≈.'
☼☼☼≈..'##v≈v###'.≈≈≈≈≈≈#
≈☼☼≈### ##### ####≈§§§≈#
≈# ##≈#### ### #+ # #


You could see an efreet and 2 fire vortices.

Vanquished Creatures
  Gastronok (Lair:2)
  A two-headed ogre (D:8)
  A centaur warrior (D:10)
  A centaur zombie (D:7)
  A moth of wrath (D:7)
  A black mamba (Lair:1)
  Psyche (D:9)
  An efreet (Volcano)
  A komodo dragon (D:9)
  2 trolls (D:9)
  A meliai zombie (D:10)
  A hornet (D:7)
  2 wraiths
  2 wyverns (D:9)
  10 yaks (Lair:1)
  4 fire elementals (Volcano)
  The ghost of boben the Slasher, an amateur DsGl (D:4)
  2 vampire mosquitoes (D:8)
  2 hell hounds (Lair:2)
  An acid dragon (D:10)
  5 water moccasins
  A black bear (D:5)
  2 sky beasts (D:5)
  An ice beast (D:5)
  3 orc warriors
  3 ogres
  5 wolves (Lair:1)
  3 centaurs
  A bullfrog (D:7)
  2 kobold brigands
  3 scorpions
  2 wyvern zombies (D:8)
  A water moccasin skeleton (D:5)
  3 jellies
  5 howler monkeys
  A bullfrog zombie (D:5)
  4 hounds
  2 orc priests
  Jessica (D:2)
  Terence (D:2)
  5 iguanas
  3 orc wizards
  9 mummies
  A howler monkey zombie (D:8)
  6 gnolls
  A howler monkey skeleton (D:7)
  10 adders
  A shadow imp (D:7)
  A white imp (D:6)
  4 ufetubi
  A worm (D:3)
  3 dart slugs
  15 orcs
  8 endoplasms
  4 giant cockroaches
  6 goblins
  10 hobgoblins
  12 jackals
  11 kobolds
  4 quokkas
  11 ball pythons
  2 bats (D:1)
  6 frilled lizards
  A gnoll zombie (Ossuary)
  5 hobgoblin zombies
  2 kobold zombies (Ossuary)
  4 orc zombies
  6 rats
  A bush (Lair:1)
239 creatures vanquished.

Vanquished Creatures (collateral kills)
  2 cane toads (Lair:1)
  A komodo dragon (Lair:1)
  A troll (D:9)
  A yak (Lair:1)
  A steam dragon (D:6)
  2 vampire mosquitoes (D:8)
  An ogre (D:6)
  A wyvern zombie (D:8)
  2 orc wizards (D:9)
  A howler monkey zombie (D:9)
  An orc (D:8)
  A kobold (D:9)
  2 bushes (Lair:1)
17 creatures vanquished.

Vanquished Creatures (others)
  A wyvern zombie (D:9)
  A yak zombie (Lair:1)
  An orc zombie (D:7)
  2 wolf zombies (Lair:1)
  A bush (Lair:1)
  3 fungi
  53 plants
62 creatures vanquished.

Grand Total: 318 creatures vanquished

Notes
Turn   | Place    | Note
-------+----------+-------------------------------------------
     0 | D:1      | Mitsuki the Minotaur Fighter began the quest for the Orb.
     0 | D:1      | Reached XP level 1. HP: 19/19 MP: 0/0
   102 | D:1      | Found a faded altar of an unknown god.
   117 | D:1      | Reached XP level 2. HP: 24/27 MP: 1/1
   442 | D:1      | You fall into a shaft and drop 1 floor!
   687 | D:1      | You fall into a shaft and drop 1 floor!
   687 | D:2      | Found a shimmering altar of Xom.
   694 | D:2      | Reached XP level 3. HP: 27/33 MP: 2/2
   861 | D:2      | Noticed Terence
   873 | D:2      | Killed Terence
  1055 | D:2      | Reached XP level 4. HP: 34/40 MP: 3/3
  1616 | D:2      | Noticed Jessica
  1623 | D:2      | Killed Jessica
  1748 | D:2      | Found Ynkud's Weapon Emporium.
  1865 | D:2      | Reached XP level 5. HP: 42/47 MP: 4/4
  3177 | D:4      | Noticed an ogre
  3187 | D:4      | Killed an ogre
  3188 | D:4      | Reached skill level 5 in Fighting
  3188 | D:4      | Reached skill level 5 in Armour
  3188 | D:4      | Reached skill level 5 in Shields
  3188 | D:4      | Reached XP level 6. HP: 37/56 MP: 5/5
  3628 | D:4      | Found a transporter.
  3628 | D:4      | Noticed boben's ghost (amateur DsGl)
  3631 | D:4      | Found a transporter.
  4275 | D:5      | Entered Level 5 of the Dungeon
  4388 | D:5      | Noticed an ice beast
  4396 | D:5      | Killed an ice beast
  4397 | D:5      | Reached skill level 5 in Long Blades
  4397 | D:5      | Reached XP level 7. HP: 62/62 MP: 6/6
  4895 | D:5      | Identified the +1 buckler "Wenooreg" {rPois Str+7}
  4943 | D:5      | Reached XP level 8. HP: 71/71 MP: 7/7
  5435 | D:5      | Found Bufiblo's Book Boutique.
  5660 | D:6      | Found a staircase to the Ecumenical Temple.
  5666 | Temple   | Entered the Ecumenical Temple
  5674 | Temple   | Became a worshipper of Yredelemnul the Dark
  5730 | D:6      | Found a sand-covered staircase.
  5737 | Ossuary  | Entered an ossuary
  5812 | Ossuary  | Reached skill level 1 in Invocations
  6024 | D:6      | Found a bloodstained altar of Trog.
  6092 | D:6      | Found an ornate altar of the Wu Jian Council.
  6110 | D:6      | Reached * piety under Yredelemnul
  6287 | D:6      | Found a sparkling altar of Nemelex Xobeh.
  6375 | D:6      | Found a sacrificial altar of Ru.
  6764 | D:6      | Reached XP level 9. HP: 67/80 MP: 10/10
  7176 | D:7      | Found a large runed translucent door.
  7182 | D:7      | Found a large runed translucent door.
  7804 | D:7      | Found a white marble altar of Elyvilon.
  7809 | D:7      | Found a blossoming altar of Fedhas.
  7885 | D:8      | Noticed a boulder beetle
  7911 | D:7      | Noticed a moth of wrath
  7911 | D:7      | a boulder beetle changed into a moth of wrath
  7918 | D:7      | Killed a moth of wrath
  7919 | D:7      | Reached skill level 5 in Invocations
  8363 | D:8      | Noticed a two-headed ogre
  8372 | D:8      | Killed a two-headed ogre
  8372 | D:8      | Reached ** piety under Yredelemnul
  8373 | D:8      | Reached XP level 10. HP: 54/90 MP: 13/13
  8637 | D:8      | Found a shimmering altar of Xom.
  8920 | D:9      | Noticed an ice dragon
  8925 | D:9      | Noticed an ice dragon
  8926 | D:9      | Noticed a fire dragon
  8927 | D:9      | Noticed a fire dragon
  8934 | D:9      | Found a runed translucent door.
  8935 | D:9      | Found the +2 shield of Resistance {rF++ rC++ Will++}
  8935 | D:9      | Found a runed translucent door.
  9200 | D:9      | Noticed Psyche
  9220 | D:9      | Killed Psyche
  9484 | D:9      | Found a staircase to the Lair.
 10125 | D:9      | Found a hazy altar of Hepliaklqana.
 10288 | D:10     | Entered Level 10 of the Dungeon
 10568 | D:10     | Noticed a centaur warrior
 10582 | D:10     | Killed a centaur warrior
 11062 | D:10     | Found a transporter.
 11064 | D:10     | Noticed fly's ghost (journeyman HuDe)
 11349 | D:10     | Noticed a two-headed ogre
 11349 | D:10     | Identified the +5 dire flail "Beetleslayer" {freeze,
                  | *Corrode rC+ Str+3}
 11349 | D:10     | Noticed a two-headed ogre
 11350 | D:10     | Noticed a two-headed ogre
 11618 | D:10     | Reached XP level 11. HP: 99/99 MP: 15/15
 11805 | D:11     | Noticed a two-headed ogre
 11847 | D:10     | Found a transporter.
 12073 | D:4      | Killed boben's ghost
 12307 | Lair:1   | Entered Level 1 of the Lair of Beasts
 12972 | Lair:1   | Reached skill level 10 in Fighting
 12972 | Lair:1   | Reached skill level 10 in Armour
 12983 | Lair:1   | Reached skill level 10 in Shields
 13376 | Lair:1   | Reached *** piety under Yredelemnul
 13482 | Lair:1   | Reached skill level 10 in Long Blades
 13967 | Lair:2   | Noticed Gastronok
 13995 | Lair:2   | Killed Gastronok
 14004 | Lair:2   | Found a dark tunnel.
 14122 | Volcano  | Entered a volcano
 14678 | Volcano  | Killed from afar by an efreet

Illustrated notes

Levels and vault maps discovered:
D:1:      scummos_arrival_star, layout_loops_corners,
          hellmonk_ecumenical_altar_lost_god
D:2:      layout_loops_corners, serial_shops, nicolae_lakefront_shop,
          basic_altar, minmay_tetromino_i4, uniq_terence, uniq_jessica
D:3:      layout_loops_corners, supply_closet_lemuel, small_statue_intersection,
          minmay_diced_spiral
D:4:      layout_basic, gammafunk_ghost_arena, minmay_mini_ossuary
D:5:      minmay_skewed_foursquare, layout_loops_corners, serial_shops, shop,
          serial_bayou_pond_a
D:6:      layout_cave_pools, mainiacjoe_overflow_cross_hatched,
          mainiacjoe_overflow_big_doors, mainiacjoe_overflow_brackets,
          minmay_temple_entry_statues, chequers_ossuary_entry_cave, nrook_uturn,
          kennysheep_minor_cross
D:7:      layout_loops_cross, jmf_multi_god_temple2, kennysheep_generic_room_3
D:8:      layout_rooms, tgw_xom
D:9:      layout_irregular_city, kennysheep_mini, david_lair_shrubbed,
          minmay_guarded_unrand_resistance, uniq_psyche
D:10:     layout_grid_maze, gammafunk_ghost_smash, minmay_misc_feat_five
D:11:     layout_roguey, hangedman_abyss_or_decor_jellyfish_corner,
          uniq_nergalle, uniq_josephine
Temple:   eino_narrow_crystal_temple
Lair:1:   layout_roguey, serial_forest, infiniplex_forest_corner_1,
          infiniplex_forest_clump_tiny, infiniplex_forest_clump_cross,
          infiniplex_forest_zigzag_1, infiniplex_forest_zigzag_1,
          infiniplex_forest_end_2, infiniplex_forest_straight_3
Lair:2:   layout_roguey [special_room_bee], elwin_shoals_entry_stream,
          dummy_snake_entry, enter_volcano_3, minmay_stone_trees_small,
          uniq_gastronok, uniq_harold, uniq_urug
Volcano:  volcano_aerie

Skill      XL: |  1  2  3  4  5  6  7  8  9 10 11 |
---------------+----------------------------------+-----
Shields        | 4 5 6 7 8 9 10 | 10.5
Armour         | 4 5 6 7 8 9 10 | 10.6
Fighting       | 4 5 6 7 8 9 10 | 10.6
Long Blades    | 3 4 5 6 7 8 9 10 | 10.3
Invocations    | 3 5 7 9 |  9.5

Action                   |  1- 3 |  4- 6 |  7- 9 | 10-12 || total
-------------------------+-------+-------+-------+-------++-------
Melee: Long sword        |    63 |   169 |   253 |   402 ||   887
       Headbutt          |     6 |    27 |    74 |   110 ||   217
Invok: Animate Remains   |       |       |     6 |    14 ||    20
       Recall Undead Sla |       |       |       |     1 ||     1
       Animate Dead      |       |       |       |     1 ||     1
Evoke: Wand              |       |       |     1 |       ||     1
  Use: Potion            |     2 |       |       |     5 ||     7
       Scroll            |       |       |     8 |     5 ||    13
 Stab: Distracted        |       |       |     1 |     1 ||     2
Armor: Scale mail        |    19 |       |       |       ||    19
       Chain mail        |       |    64 |   108 |   138 ||   310
Dodge: Dodged            |    16 |    20 |    70 |    86 ||   192
       Repelled          |       |       |       |     1 ||     1
Block: Kite shield       |    60 |   116 |    31 |       ||   207
       Reflection        |       |     3 |     7 |     4 ||    14
       Buckler           |       |       |   151 |   205 ||   356
       Rpst.: Long sword |     4 |     5 |    13 |    25 ||    47

Table legend: (Time is in decaauts)
 A = Elapsed time spent in this place.
 B = Non-inter-level travel time spent in this place.
 C = Inter-level travel time spent in this place.
 D = Time resting spent in this place.
 E = Time spent auto-exploring this place.
 F = Levels seen in this place.
 G = Mean time per level.
                   A        B        C        D        E       F      G
               +--------+--------+--------+--------+--------+-----+--------+
         Total |  15396 |  14522 |    874 |   2227 |  10108 |  16 |  962.2 |
       Dungeon |  12593 |  11823 |    770 |   1062 |   9069 |  11 | 1144.8 |
        Temple |     16 |     16 |      0 |      0 |      0 |   1 |   16.0 |
          Lair |   1959 |   1856 |    103 |    710 |    862 |   2 |  979.5 |
       Ossuary |    275 |    275 |      0 |      0 |    177 |   1 |  275.0 |
       Volcano |    551 |    551 |      0 |    455 |      0 |   1 |  551.0 |
               +--------+--------+--------+--------+--------+-----+--------+

Top non-repeatable levels by time:
  Lair:1: 1774 daAuts
     D:9: 1567 daAuts
    D:10: 1511 daAuts
     D:7: 1454 daAuts
     D:4: 1451 daAuts
     D:5: 1409 daAuts
     D:2: 1329 daAuts
     D:6: 989 daAuts
     D:1: 961 daAuts
     D:8: 952 daAuts
     D:3: 917 daAuts
 Volcano: 551 daAuts
 Ossuary: 275 daAuts
  Lair:2: 184 daAuts
    D:11: 48 daAuts
